Map: Ever Dream LE

Players

SpeCial - Winner!

  • Race: Terran Terran
  • Spawn Location: 1:00

Astrea

  • Race: Protoss Protoss
  • Spawn Location: 7:00

Event: DreamHack SC2 Masters 2020 Summer Season Finals

VOD

Have the link to the VOD?

Description

Time

  • Played on: July 17, 2020, noon
  • Length: 6:53
Show
View Real Time Build Order
Export as new Build Order

SpeCial Terran - Winner!

Build Orders: 1/1/1, Banshee Rush 

Get SALT Encoding   

  12  0:00  SCV  
  13  0:13  SCV  
  14  0:17  Supply Depot  
  14  0:25  SCV  
  15  0:39  SCV  
  15  0:40  Barracks  
  16  0:43  Refinery  
  16  0:51  SCV  
  16  0:53  Refinery  
  17  1:03  SCV  
  18  1:04  Supply Depot  
  18  1:15  SCV  
  19  1:28  Marine  
  19  1:32  Factory  
  20  1:41  Orbital Command  
  20  1:55  Barracks Reactor  
  20  2:08  SCV  
  21  2:15  Starport  
  21  2:16  Hellion  
  21  2:20  SCV  
  24  2:25  Supply Depot  
  24  2:31  Marine x2  
  24  2:32  SCV  
  27  2:38  Hellion  
  30  2:44  SCV  
  30  2:50  Marine x2  
  31  2:59  Hellion  
  31  3:03  Medivac  
  35  3:10  Marine x2  
  37  3:20  Supply Depot  
  37  3:24  Factory Tech Lab  
  37  3:28  SCV  
  38  3:34  Starport Tech Lab  
  38  3:38  Command Center  
  38  3:44  Marine x2  
  40  3:51  Supply Depot  
  40  3:54  Cloaking Field  
  40  4:00  Banshee  
  41  4:10  Marine  
  41  4:12  SCV  
  41  4:20  Marine  
  41  4:22  Siege Tank  
  43  4:24  SCV  
  43  4:27  Marine  
  45  4:36  SCV  
  46  4:40  Marine  
  46  4:43  Banshee  
  46  4:45  Marine  
  50  4:48  SCV  
  50  4:49  Orbital Command  
  52  4:56  Siege Tank  
  55  5:02  Marine  
  55  5:03  Marine  
  55  5:06  Supply Depot  
  57  5:09  SCV  
  58  5:15  SCV  
  58  5:21  Marine x2, SCV  
  60  5:27  SCV  
  63  5:28  Siege Tank  
  63  5:32  Banshee  
  69  5:41  SCV x2  
  71  5:47  Marine x2  
  73  5:57  SCV  
  74  6:03  Siege Tank  
  72  6:04  Marine  
  72  6:05  Marine  
  68  6:11  SCV  
  67  6:22  Marine x2  
  67  6:23  SCV  
  65  6:26  SCV  
  65  6:29  Bunker  
  62  6:35  SCV  
Show
View Real Time Build Order
Export as new Build Order

Astrea Protoss 

Build Orders: Blink Stalkers 

Get SALT Encoding   

  12  0:00  Probe  
  13  0:12  Pylon  
  13  0:17  Probe  
  14  0:30  Gateway, Probe  
  15  0:38  Probe  
  16  0:43  Assimilator  
  16  0:48  Probe  
  17  1:00  Probe  
  18  1:12  Probe  
  18  1:16  Cybernetics Core  
  18  1:18  Zealot  
  21  1:25  Probe  
  22  1:26  Pylon  
  22  1:37  Probe  
  23  1:42  Adept  
  23  1:53  Warp Gate  
  25  2:00  Nexus  
  25  2:06  Stalker  
  25  2:07  Assimilator  
  25  2:17  Probe  
  28  2:24  Pylon  
  28  2:29  Probe  
  29  2:37  Stalker  
  29  2:42  Probe  
  32  2:56  Probe  
  33  2:58  Twilight Council  
  31  3:05  Blink  
  31  3:08  Probe  
  31  3:09  Stalker  
  34  3:14  Probe  
  33  3:23  Probe  
  33  3:26  Probe  
  35  3:32  Gateway  
  35  3:35  Probe  
  35  3:38  Probe  
  37  3:47  Stalker, Probe  
  40  3:50  Probe  
  41  3:58  Robotics Facility  
  41  3:59  Probe  
  41  4:02  Probe  
  41  4:10  Stalker  
  41  4:12  Probe  
  41  4:14  Probe  
  41  4:21  Probe  
  40  4:26  Probe  
  40  4:30  Probe  
  42  4:35  Stalker x2  
  47  4:38  Probe  
  47  4:39  Probe  
  49  4:47  Observer  
  49  4:51  Pylon, Probe x2  
  52  5:03  Probe x2  
  54  5:07  Pylon  
  54  5:11  Observer  
  54  5:13  Probe  
  54  5:16  Stalker  
  54  5:19  Probe  
  54  5:21  Probe  
  58  5:22  Assimilator  
  58  5:23  Stalker  
  58  5:24  Assimilator  
  61  5:30  Probe  
  61  5:32  Probe  
  63  5:39  Observer  
  65  5:42  Probe  
  65  5:45  Probe  
  65  5:46  Pylon  
  65  5:47  Stalker  
  68  5:51  Stalker  
  65  6:04  Probe  
  65  6:10  Stalker  
  67  6:15  Probe  
  67  6:17  Stalker  
  60  6:18  Probe  
  51  6:27  Probe  
  51  6:29  Probe  
  49  6:33  Stalker  
  49  6:35  Probe  
  49  6:37  Probe  
  50  6:41  Stalker  
Tags
 
Add a new tag
Caveats
  • Supply blocks, unpowered buildings, or Contaminate may cause inaccurate times.
  • Supply counts are checked every 10 seconds.